 Dungeon Crawl Stone Soup version 0.25-a0-523-g9afb2ee040 (webtiles) character file.

Game seed: 11619924778268713204, levelgen mode: deterministic

799 Flugslaktarn the Chopper (level 7, -4/66 HPs)
             Began as a Deep Dwarf Fighter on Feb 18, 2020.
             Killed by divine providence
             ... invoked by an orc priest
              (14 damage)
             ... on level 6 of the Dungeon.
             The game lasted 00:01:21 (2381 turns).

Flugslaktarn the Chopper (Deep Dwarf Fighter)       Turns: 2381, Time: 00:01:22

Health: -4/66      AC:  9    Str: 22    XL:     7   Next: 59%
Magic:  6/6        EV:  6    Int:  8    God:
Gold:   178        SH: 10    Dex: 12    Spells: 6/6 levels left

rFire    . . .     SeeInvis .   a - +0 war axe
rCold    . . .     Gourm    .   c - +0 kite shield
rNeg     . . .     Faith    .   x - +0 chain mail
rPois    .         Spirit   .   (no helmet)
rElec    .         Reflect  .   (no cloak)
rCorr    .         Harm     .   (no gloves)
MR       +....                  (no boots)
Stlth    ..........             (no amulet)
HPRegen  0.00/turn              (no ring)
MPRegen  0.10/turn              (no ring)

@: non-regenerating
A: damage resistance, heal wounds, sense surroundings 1, no regeneration
a: Heal Wounds


You were on level 6 of the Dungeon.
You were not hungry.

You visited 1 branch of the dungeon, and saw 6 of its levels.
You also visited: Ossuary.

You collected 178 gold pieces.

Inventory:

Hand Weapons
 a - a +0 war axe (weapon)
Armour
 c - a +0 kite shield (worn)
 x - a +0 chain mail (worn)
   (You found it on level 5 of the Dungeon)
Jewellery
 f - an uncursed ring of poison resistance {unknown}
   (You found it on level 4 of the Dungeon)
Wands
 s - a wand of paralysis (6)
   (You found it in an ossuary)
Scrolls
 b - a scroll of fear {unknown}
 g - 4 scrolls of fog {unknown}
 k - 2 scrolls of remove curse {unknown}
 l - 2 scrolls of teleportation {unknown}
 o - a scroll of enchant weapon {unknown}
 r - a scroll of magic mapping {unknown}
 t - a scroll of amnesia {unknown}
 w - 2 scrolls of immolation {unknown}
 y - a scroll of identify {unknown}
 z - a scroll of enchant armour {unknown}
Potions
 d - 3 potions of might
 h - a potion of brilliance {unknown}
 i - 2 potions of mutation {unknown}
 j - 2 potions of invisibility {unknown}
 m - 2 potions of stabbing {unknown}
 n - 3 potions of berserk rage {unknown}
 p - 3 potions of flight {unknown}
 q - 3 potions of heal wounds {unknown}
 u - a potion of haste {unknown}
 v - 2 potions of curing {unknown}
 B - a potion of lignification {unknown}
Comestibles
 e - 6 rations
 A - 2 chunks of flesh


   Skills:
 + Level 4.3 Fighting
 * Level 6.2 Axes
 + Level 5.3 Armour
 + Level 5.3 Shields


You had 6 spell levels left.
You didn't know any spells.
Your spell library was empty.

Dungeon Overview and Level Annotations

Branches:
Dungeon (6/15)            Ossuary (visited)
 Temple: D:4-7

Altars:
Kikubaaqudgha
Makhleb
Vehumet
Yredelemnul


Innate Abilities, Weirdness & Mutations

You are resistant to damage.
You can heal yourself by infusing magical energy.
You passively map a small area around you.
You do not regenerate.


Message History

The orc warrior shouts!
The orc priest shouts!
You hear a shout!
The orc priest invokes the aid of Beogh against you.
Beogh smites you!
You hear a shout!
Things that are here:
a +0 war axe; an orc corpse You slash the quokka skeleton!
You destroy the quokka skeleton!
An orc comes into view. It is wielding a +0 club.
You hit the orc.
The orc is moderately wounded.
An orc priest comes into view. It is wielding a +0 falchion.
You block the orc's attack.
Your shield and chain mail prevent you from hitting the orc warrior.
The orc priest calls down the wrath of Beogh upon you.
Beogh smites you!
* * * LOW HITPOINT WARNING * * *
The orc priest mumbles some strange prayers to Beogh against you.
Beogh smites you!
You die...

#.# #.# * * *
#)# ## ,
#.#####.... , ,
###)#.....#
#####.....#*
^.....#<#######
*
>......).$.....
##..###@#######
, #..,*#o# *
*#. ,


oo# , # #.o. , , ,##o. ,, ,, ,...., , * ..#. * * #.#.# ,, * * , , You could see
an orc warrior, 2 orc priests and 2 orcs.

Vanquished Creatures
  2 wraiths (Ossuary)
  Blork the orc (D:5)
  2 wights (Ossuary)
  A howler monkey (D:4)
  A bullfrog zombie (D:5)
  A jelly (D:5)
  A hound (D:4)
  An orc priest (D:6)
  An iguana (D:4)
  2 worker ants (D:5)
  4 adders
  A shadow imp (D:5)
  3 adder zombies
  3 worms
  A leopard gecko (D:1)
  6 orcs
  3 giant cockroaches
  2 goblins (D:1)
  2 hobgoblins
  10 jackals (D:5)
  A quokka (D:3)
  A ball python (D:5)
  A ball python skeleton (Ossuary)
  3 hobgoblin skeletons (Ossuary)
  A hobgoblin zombie (Ossuary)
  6 kobolds
  A kobold zombie (Ossuary)
  2 orc zombies (Ossuary)
  A quokka skeleton (D:6)
  2 rats
67 creatures vanquished.

Notes
Turn   | Place    | Note
-------+----------+-------------------------------------------
     0 | D:1      | Flugslaktarn the Deep Dwarf Fighter began the quest for the
                  | Orb.
     0 | D:1      | Reached XP level 1. HP: 20/20 MP: 1/1
   116 | D:1      | Reached XP level 2. HP: 21/27 MP: 2/2
   369 | D:3      | Reached skill level 3 in Axes
   369 | D:3      | Reached XP level 3. HP: 17/33 MP: 3/3
   430 | D:4      | Reached XP level 4. HP: 42/42 MP: 4/4
   574 | D:4      | You fall into a shaft and drop 1 floor!
   574 | D:5      | Entered Level 5 of the Dungeon
   580 | D:5      | Noticed Blork the orc
   597 | D:5      | Killed Blork the orc
   597 | D:5      | Reached skill level 4 in Axes
   597 | D:5      | Reached XP level 5. HP: 24/49 MP: 4/4
   836 | D:4      | Found a sand-covered staircase.
   849 | Ossuary  | Entered an ossuary
   948 | Ossuary  | Noticed a wraith
   948 | Ossuary  | Noticed a flying skull
   958 | Ossuary  | Noticed a flying skull
   959 | Ossuary  | Noticed a flying skull
   990 | Ossuary  | Noticed a wraith
  1007 | Ossuary  | Killed a wraith
  1007 | Ossuary  | Reached skill level 5 in Axes
  1007 | Ossuary  | Reached XP level 6. HP: 37/57 MP: 5/5
  1013 | Ossuary  | Noticed a flying skull
  1062 | Ossuary  | Noticed a wraith
  1072 | Ossuary  | Killed a wraith
  1072 | Ossuary  | Reached skill level 5 in Armour
  1072 | Ossuary  | Reached skill level 5 in Shields
  1072 | Ossuary  | Reached XP level 7. HP: 43/64 MP: 6/6
  1645 | D:5      | Reached skill level 6 in Axes
  2336 | D:6      | Found an ancient bone altar of Kikubaaqudgha.
  2337 | D:6      | Found a radiant altar of Vehumet.
  2364 | D:6      | Found a burning altar of Makhleb.
  2366 | D:6      | Found a basalt altar of Yredelemnul.
  2381 | D:6      | Killed from afar by an orc priest

Levels and vault maps discovered:
D:1:      wander_arrival_peaceful_grave, layout_loops_ring, nrook_uturn
D:2:      layout_loops_ring, lemuel_crystal_altar, minmay_stone_trees_small,
          minmay_heptomino_d4
D:3:      layout_basic, first_ration, minmay_misc_feat_five
D:4:      layout_basic, chequers_ossuary_entry_cave
D:5:      layout_basic, uniq_blork_the_orc
D:6:      layout_rooms, chequers_temple_overflow_statue_of_worship, uniq_edmund

Skill      XL: |  1  2  3  4  5  6  7 |
---------------+----------------------+-----
Axes           | 3 4 5 6 |  6.2
Fighting       | 3 4 |  4.3
Armour         | 4 5 |  5.3
Shields        | 4 5 |  5.3

Action                   |  1- 3 |  4- 6 |  7- 9 || total
-------------------------+-------+-------+-------++-------
Melee: War axe           |    73 |   124 |    87 ||   284
 Abil: Heal Wounds       |     1 |     8 |     2 ||    11
 Stab: Distracted        |       |     1 |       ||     1
  Eat: Chunk             |       |     1 |     5 ||     6
Armor: Scale mail        |    25 |    35 |    13 ||    73
       Chain mail        |       |       |    28 ||    28
Dodge: Dodged            |    19 |    48 |    25 ||    92
Block: Kite shield       |    35 |    68 |    38 ||   141

Table legend:
 A = Non-vault XP
 B = Vault XP
 C = Vault XP percentage of total XP
 D = Non-vault monster count
 E = Vault monster count
 F = Vault count percentage of total count
                 A         B        C        D         E       F
            +---------+---------+-------+---------+---------+-------
      Total |     494 |     648 |  56.7 |      52 |      15 |  22.4
            +---------+---------+-------+---------+---------+-------
        D:1 |      14 |       0 |   0.0 |       8 |       0 |   0.0
        D:2 |      14 |       0 |   0.0 |       6 |       0 |   0.0
        D:3 |      23 |       0 |   0.0 |       5 |       0 |   0.0
        D:4 |     159 |       0 |   0.0 |       6 |       0 |   0.0
        D:5 |     230 |      94 |  29.0 |      21 |       1 |   4.5
        D:6 |      54 |       0 |   0.0 |       6 |       0 |   0.0
    Ossuary |       0 |     554 | 100.0 |       0 |      14 | 100.0
            +---------+---------+-------+---------+---------+-------
